| TOP OF THE 1ST |
|
Reno Aces batting - Pitching for Colorado Springs Sky Sox : LHP Steve Ransom
|
|
Pitching: LHP Steve Ransom
|
|
|
Batting: RHB Dustin Clark
|
0-0: Ball 1-0: Ground out 1-3 (Groundball, 13S, EV 71.2 MPH)
|
|
Batting: RHB Yutaka Oki
|
0-0: Ball 1-0: Ball 2-0: Ground out 4-3 (Groundball, 4, EV 105.6 MPH)
|
|
Batting: LHB Bobby Arevalo
|
0-0: Ball 1-0: Ball 2-0: Ball 3-0: Base on Balls
|
|
Batting: LHB Ian Jarvis
|
0-0: Ball 1-0: Called Strike 1-1: Ball 2-1: Foul Ball, location: 2F 2-2: Ball 3-2: Fly out, F7 (Flyball, 7, EV 83.1 MPH)
|
| Top of the 1st over - 0 runs, 0 hits, 0 errors, 1 left on base; Reno 0 - Colorado Springs 0 |
| BOTTOM OF THE 1ST |
|
Colorado Springs Sky Sox batting - Pitching for Reno Aces : RHP Yeong-kil Suck
|
|
Pitching: RHP Yeong-kil Suck
|
|
|
Batting: RHB Juan Figueroa
|
0-0: Ball 1-0: Foul Ball, location: 2F 1-1: Ball 2-1: Called Strike 2-2: Foul Ball, location: 2F 2-2: Ball 3-2: Foul Ball, location: 2F 3-2: Foul Ball, location: 2F 3-2: Foul Ball, location: 2F 3-2: Base on Balls
|
|
Batting: RHB Ryan Rinaldi
|
0-0: Ball 1-0: Called Strike 1-1: Ball 2-1: Called Strike 2-2: Fielders Choice at 2nd, 5-4 (Groundball, 56, EV 108.1 MPH)
|
|
Batting: LHB Kyle Schaible
|
0-0: Ball Ryan Rinaldi is caught stealing 2nd base 2-6 1-0: SINGLE (Line Drive, 89S, EV 103.8 MPH)
|
|
Batting: LHB Michael Krott
|
0-0: 2-RUN HOME RUN (Flyball, 9D, EV 106.9 MPH), Distance : 448 ft
|
|
Batting: RHB Kevin Tangeman
|
0-0: Foul Ball, location: 2F 0-1: SINGLE (Line Drive, 7S, EV 99.4 MPH)
|
|
Batting: LHB Iehohs Inatho
|
0-0: Ball 1-0: Ball 2-0: Ball 3-0: Called Strike 3-1: Base on Balls Kevin Tangeman to second
|
|
Batting: RHB Eric Delgado
|
0-0: Called Strike 0-1: Ball 1-1: Fly out, F7 (Flyball, 7, EV 97.5 MPH)
|
| Bottom of the 1st over - 2 runs, 3 hits, 0 errors, 2 left on base; Reno 0 - Colorado Springs 2 |
| TOP OF THE 2ND |
|
Reno Aces batting - Pitching for Colorado Springs Sky Sox : LHP Steve Ransom
|
|
Batting: RHB Danny Gerardo
|
0-0: Called Strike 0-1: DOUBLE (Line Drive, 9LM, EV 108.8 MPH)
|
|
Batting: LHB Soo-yeon Kym
|
0-0: Ball 1-0: Foul Ball, location: 2F 1-1: Ball 2-1: Foul Ball, location: 2F 2-2: Ball 3-2: Strikes out swinging
|
|
Batting: LHB Tommy King
|
0-0: Ball 1-0: Ball 2-0: Foul Ball, location: 2F 2-1: Ball 3-1: Foul Ball, location: 2F 3-2: Fly out, F5 (Popup, 5S, EV 71.2 MPH)
|
|
Batting: LHB Rich Butler
|
0-0: Foul Ball, location: 2F 0-1: Ball 1-1: Ball 2-1: SINGLE (Groundball, 34D, EV 97.5 MPH) Danny Gerardo to third Runner from 3rd tries for Home, SAFE, throw by RF to home
|
|
Batting: RHB Edgar Garcia
|
0-0: SINGLE (Flyball, 34D, EV 93.1 MPH) Rich Butler to second Runner from 2nd tries for 3rd, OUT! 9-5
|
| Top of the 2nd over - 1 run, 3 hits, 0 errors, 1 left on base; Reno 1 - Colorado Springs 2 |
| BOTTOM OF THE 2ND |
|
Colorado Springs Sky Sox batting - Pitching for Reno Aces : RHP Yeong-kil Suck
|
|
Batting: SHB Chris Besselman
|
0-0: Ball 1-0: Called Strike 1-1: Foul Ball, location: 2F 1-2: Ground out 1-3 (Groundball, 13S, EV 66.2 MPH)
|
|
Batting: RHB Matviy Oliynyk
|
0-0: Called Strike 0-1: Swinging Strike 0-2: Strikes out looking
|
|
Batting: RHB Juan Figueroa
|
0-0: Ball 1-0: Ball 2-0: Ball 3-0: Base on Balls
|
|
Batting: RHB Ryan Rinaldi
|
0-0: Called Strike 0-1: Swinging Strike 0-2: Ground out 5-3 (Groundball, 5S, EV 85.0 MPH)
|
| Bottom of the 2nd over - 0 runs, 0 hits, 0 errors, 1 left on base; Reno 1 - Colorado Springs 2 |
| TOP OF THE 3RD |
|
Reno Aces batting - Pitching for Colorado Springs Sky Sox : LHP Steve Ransom
|
|
Batting: RHB Dustin Clark
|
0-0: Swinging Strike 0-1: Foul Ball, location: 2F 0-2: Foul Ball, location: 2F 0-2: Fly out, F9 (Flyball, 89S, EV 96.9 MPH)
|
|
Batting: RHB Yutaka Oki
|
0-0: Ball 1-0: Ball 2-0: DOUBLE (Line Drive, 9LS, EV 112.5 MPH)
|
|
Batting: LHB Bobby Arevalo
|
0-0: Ball 1-0: Swinging Strike 1-1: Swinging Strike 1-2: Strikes out swinging
|
|
Batting: LHB Ian Jarvis
|
0-0: Ball 1-0: Called Strike 1-1: DOUBLE (Groundball, 5L, EV 94.4 MPH) Yutaka Oki scores
|
|
Batting: RHB Danny Gerardo
|
0-0: Ball 1-0: Ball 2-0: Ball 3-0: Base on Balls
|
|
Batting: LHB Soo-yeon Kym
|
0-0: Ball 1-0: Fly out, F8 (Flyball, 8RM, EV 85.0 MPH)
|
| Top of the 3rd over - 1 run, 2 hits, 0 errors, 2 left on base; Reno 2 - Colorado Springs 2 |
| BOTTOM OF THE 3RD |
|
Colorado Springs Sky Sox batting - Pitching for Reno Aces : RHP Yeong-kil Suck
|
|
Batting: LHB Kyle Schaible
|
0-0: Ball 1-0: Fly out, F7 (Flyball, 7D, EV 104.4 MPH)
|
|
Batting: LHB Michael Krott
|
0-0: Ball 1-0: Called Strike 1-1: Ball 2-1: Ball 3-1: Base on Balls
|
|
Batting: RHB Kevin Tangeman
|
0-0: Called Strike 0-1: Ball 1-1: Ball 2-1: Ball 3-1: Base on Balls Michael Krott to second
|
|
Batting: LHB Iehohs Inatho
|
0-0: Foul Ball, location: 2F 0-1: SINGLE (Groundball, 4M, EV 100.0 MPH) (infield hit) Michael Krott to third Kevin Tangeman to second
|
|
Batting: RHB Eric Delgado
|
0-0: Swinging Strike 0-1: Foul Ball, location: 2F 0-2: Ball 1-2: Grounds into double play, 6-4-3 (Groundball, 6, EV 93.8 MPH)
|
| Bottom of the 3rd over - 0 runs, 1 hit, 0 errors, 2 left on base; Reno 2 - Colorado Springs 2 |
| TOP OF THE 4TH |
|
Reno Aces batting - Pitching for Colorado Springs Sky Sox : LHP Steve Ransom
|
|
Batting: LHB Tommy King
|
0-0: Called Strike 0-1: Ball 1-1: Ball 2-1: Ground out 1-3 (Groundball, P, EV 68.8 MPH)
|
|
Batting: LHB Rich Butler
|
0-0: Ball 1-0: Called Strike 1-1: Ground out 4-3 (Groundball, 4, EV 102.5 MPH)
|
|
Batting: RHB Edgar Garcia
|
0-0: Ground out 5-3 (Groundball, 5S, EV 68.1 MPH)
|
| Top of the 4th over - 0 runs, 0 hits, 0 errors, 0 left on base; Reno 2 - Colorado Springs 2 |
| BOTTOM OF THE 4TH |
|
Colorado Springs Sky Sox batting - Pitching for Reno Aces : RHP Yeong-kil Suck
|
|
Batting: SHB Chris Besselman
|
0-0: Called Strike 0-1: Called Strike 0-2: Ball 1-2: Ball 2-2: Ground out 4-3 (Groundball, 4, EV 89.4 MPH)
|
|
Batting: RHB Matviy Oliynyk
|
0-0: Called Strike 0-1: Swinging Strike 0-2: Strikes out swinging
|
|
Batting: RHB Juan Figueroa
|
0-0: Foul Ball, location: 2F 0-1: Ball 1-1: Ball 2-1: Fly out, F3 (Line Drive, 34, EV 65.6 MPH)
|
| Bottom of the 4th over - 0 runs, 0 hits, 0 errors, 0 left on base; Reno 2 - Colorado Springs 2 |
| TOP OF THE 5TH |
|
Reno Aces batting - Pitching for Colorado Springs Sky Sox : LHP Steve Ransom
|
|
Batting: RHB Dustin Clark
|
0-0: Ball 1-0: Ball 2-0: Called Strike 2-1: Ball 3-1: Base on Balls
|
|
Batting: RHB Yutaka Oki
|
0-0: Ball 1-0: Foul Ball, location: 2F 1-1: Foul Ball, location: 2F 1-2: Ball 2-2: Foul Ball, location: 2F 2-2: Ball 3-2: Base on Balls Dustin Clark to second
|
|
Batting: LHB Bobby Arevalo
|
0-0: Called Strike 0-1: Fielders Choice at 2nd, 6-4 (Groundball, 6, EV 76.2 MPH) Dustin Clark to third
|
|
Batting: LHB Ian Jarvis
|
0-0: Ball Bobby Arevalo is caught stealing 2nd base 2-6 1-0: SINGLE (Groundball, 6S, EV 70.0 MPH) (infield hit) Dustin Clark scores
|
|
Batting: RHB Danny Gerardo
|
0-0: Ball 1-0: Called Strike 1-1: Ball 2-1: Called Strike 2-2: Ground out 4-3 (Groundball, 4, EV 78.8 MPH)
|
| Top of the 5th over - 1 run, 1 hit, 0 errors, 1 left on base; Reno 3 - Colorado Springs 2 |
| BOTTOM OF THE 5TH |
|
Colorado Springs Sky Sox batting - Pitching for Reno Aces : RHP Yeong-kil Suck
|
|
Batting: RHB Ryan Rinaldi
|
0-0: Called Strike 0-1: Ball 1-1: Ground out 6-3 (Groundball, 6, EV 105.6 MPH)
|
|
Batting: LHB Kyle Schaible
|
0-0: Ball 1-0: Called Strike 1-1: Called Strike 1-2: Ball 2-2: Ball 3-2: Foul Ball, location: 2F 3-2: Ground out 6-3 (Groundball, 4M, EV 86.9 MPH)
|
|
Batting: LHB Michael Krott
|
0-0: Called Strike 0-1: Foul Ball, location: 2F 0-2: Ground out U3 (Groundball, 34, EV 78.8 MPH)
|
| Bottom of the 5th over - 0 runs, 0 hits, 0 errors, 0 left on base; Reno 3 - Colorado Springs 2 |
| TOP OF THE 6TH |
|
Reno Aces batting - Pitching for Colorado Springs Sky Sox : LHP Steve Ransom
|
|
Batting: LHB Soo-yeon Kym
|
0-0: Ball 1-0: Ball 2-0: Swinging Strike 2-1: SINGLE (Groundball, 34D, EV 101.9 MPH)
|
|
Batting: LHB Tommy King
|
0-0: Ball 1-0: Called Strike 1-1: SINGLE (Groundball, 56D, EV 100.0 MPH) Soo-yeon Kym to second
|
|
Batting: LHB Rich Butler
|
0-0: Ball 1-0: Foul Ball, location: 2F 1-1: Swinging Strike 1-2: Ball 2-2: Strikes out swinging
|
|
Batting: RHB Edgar Garcia
|
0-0: Ball 1-0: Ball 2-0: Called Strike 2-1: Foul Ball, location: 2F 2-2: Foul Ball, location: 2F 2-2: Foul Ball, location: 2F 2-2: Foul Ball, location: 2F 2-2: Grounds into double play, 4-6-3 (Groundball, 4, EV 103.1 MPH)
|
| Top of the 6th over - 0 runs, 2 hits, 0 errors, 1 left on base; Reno 3 - Colorado Springs 2 |
| BOTTOM OF THE 6TH |
|
Colorado Springs Sky Sox batting - Pitching for Reno Aces : RHP Yeong-kil Suck
|
|
Batting: RHB Kevin Tangeman
|
0-0: Ball 1-0: Foul Ball, location: 2F 1-1: Fly out, F6 (Popup, 6, EV 50.6 MPH)
|
|
Batting: LHB Iehohs Inatho
|
0-0: Ground out 4-3 (Groundball, 4, EV 81.9 MPH)
|
|
Batting: RHB Eric Delgado
|
0-0: Called Strike 0-1: Ball 1-1: Ball 2-1: Foul Ball, location: 2F 2-2: Ground out 4-3 (Groundball, 4, EV 95.0 MPH)
|
| Bottom of the 6th over - 0 runs, 0 hits, 0 errors, 0 left on base; Reno 3 - Colorado Springs 2 |
| TOP OF THE 7TH |
|
Reno Aces batting - Pitching for Colorado Springs Sky Sox : LHP Steve Ransom
|
|
Pitching: RHP Vas Karamyshev
|
|
|
Batting: RHB Dustin Clark
|
0-0: Called Strike 0-1: Ball 1-1: Swinging Strike 1-2: Ball 2-2: Foul Ball, location: 2F 2-2: Foul Ball, location: 2F 2-2: Strikes out looking
|
|
Batting: RHB Yutaka Oki
|
0-0: Swinging Strike 0-1: Called Strike 0-2: Ball 1-2: Strikes out swinging
|
|
Batting: LHB Bobby Arevalo
|
0-0: Ball 1-0: Called Strike 1-1: Ball 2-1: Ground out U3 (Groundball, 3, EV 77.5 MPH)
|
| Top of the 7th over - 0 runs, 0 hits, 0 errors, 0 left on base; Reno 3 - Colorado Springs 2 |
| BOTTOM OF THE 7TH |
|
Colorado Springs Sky Sox batting - Pitching for Reno Aces : RHP Yeong-kil Suck
|
|
Batting: SHB Chris Besselman
|
0-0: Ball 1-0: Swinging Strike 1-1: Swinging Strike 1-2: Strikes out looking
|
|
Batting: RHB Matviy Oliynyk
|
0-0: Ball 1-0: Ball 2-0: SINGLE (Groundball, 6MD, EV 101.9 MPH)
|
|
Pitching: RHP Kyle Bradley
|
|
|
Batting: RHB Juan Figueroa
|
0-0: Called Strike 0-1: Foul Ball, location: 2F 0-2: Strikes out swinging
|
|
Batting: RHB Ryan Rinaldi
|
0-0: Swinging Strike 0-1: Ball 1-1: Ball Wild Pitch! Matviy Oliynyk to second 2-1: Foul Ball, location: 2F 2-2: Ground out U3 (Groundball, 34, EV 93.1 MPH)
|
| Bottom of the 7th over - 0 runs, 1 hit, 0 errors, 1 left on base; Reno 3 - Colorado Springs 2 |
| TOP OF THE 8TH |
|
Reno Aces batting - Pitching for Colorado Springs Sky Sox : RHP Vas Karamyshev
|
|
Pitching: RHP Jim Micaletti
|
|
|
Batting: LHB Ian Jarvis
|
0-0: Ball 1-0: Foul Ball, location: 2F 1-1: Foul Ball, location: 2F 1-2: Ball 2-2: Strikes out swinging
|
|
Batting: RHB Danny Gerardo
|
0-0: Ball 1-0: Swinging Strike 1-1: Ground out 5-3 (Groundball, 5S, EV 81.9 MPH)
|
|
Batting: LHB Soo-yeon Kym
|
0-0: Ball 1-0: Called Strike 1-1: Fly out, F9 (Line Drive, 9S, EV 91.9 MPH)
|
| Top of the 8th over - 0 runs, 0 hits, 0 errors, 0 left on base; Reno 3 - Colorado Springs 2 |
| BOTTOM OF THE 8TH |
|
Colorado Springs Sky Sox batting - Pitching for Reno Aces : RHP Kyle Bradley
|
|
Batting: LHB Kyle Schaible
|
0-0: Foul Ball, location: 2F 0-1: Foul Ball, location: 2F 0-2: Foul Ball, location: 2F 0-2: Strikes out swinging
|
|
Batting: LHB Michael Krott
|
0-0: Ball 1-0: Ball 2-0: Called Strike 2-1: SINGLE (Flyball, 4D, EV 92.5 MPH)
|
|
Batting: RHB Kevin Tangeman
|
0-0: Swinging Strike 0-1: Ball 1-1: Ball 2-1: Ball 3-1: Foul Ball, location: 2F 3-2: Foul Ball, location: 2F 3-2: Foul Ball, location: 2F 3-2: Base on Balls Michael Krott to second
|
|
Pitching: LHP Afanasy Apatenko
|
|
|
Pinch Hitting: RHB Maurice Moore
|
0-0: Fly out, F8 (Flyball, 8RD, EV 86.2 MPH)
|
|
Batting: RHB Eric Delgado
|
0-0: Ball 1-0: Called Strike 1-1: Ball 2-1: Ball 3-1: Base on Balls Michael Krott to third Kevin Tangeman to second
|
|
Batting: SHB Chris Besselman
|
0-0: Swinging Strike 0-1: Swinging Strike 0-2: Strikes out looking
|
| Bottom of the 8th over - 0 runs, 1 hit, 0 errors, 3 left on base; Reno 3 - Colorado Springs 2 |
| TOP OF THE 9TH |
|
Reno Aces batting - Pitching for Colorado Springs Sky Sox : RHP Jim Micaletti
|
|
Pitching: LHP Eric Zielinski
|
|
|
Now at 2B: Maurice Moore
|
|
|
Now at SS: Kyle Schaible
|
|
|
Pinch Hitting: RHB Nick Beecher
|
0-0: Ball 1-0: Swinging Strike 1-1: Called Strike 1-2: Ball 2-2: Ball 3-2: Foul Ball, location: 2F 3-2: Base on Balls
|
|
Batting: LHB Rich Butler
|
0-0: Ball 1-0: Foul Ball, location: 2F 1-1: Ball 2-1: Called Strike 2-2: Strikes out swinging
|
|
Batting: RHB Edgar Garcia
|
0-0: Ball 1-0: Ball 2-0: Called Strike 2-1: Fly out, F7 (Flyball, 78M, EV 80.6 MPH)
|
|
Batting: RHB Dustin Clark
|
0-0: Called Strike 0-1: Ball 1-1: Called Strike 1-2: Ball 2-2: Foul Ball, location: 2F 2-2: Fielders Choice at 2nd, 6-4 (Groundball, 6, EV 82.5 MPH)
|
| Top of the 9th over - 0 runs, 0 hits, 0 errors, 1 left on base; Reno 3 - Colorado Springs 2 |
|